 Dungeon Crawl Stone Soup version 0.28.0 (webtiles) character file.

Game seed: 14151731499308823408

21 crazypyro the Skirmisher (level 2, -1/26 HPs)
             Began as a Ghoul Monk on Feb 10, 2022.
             Slain by a jackal (2 damage)
             ... on level 1 of the Dungeon.
             The game lasted 00:00:24 (210 turns).

crazypyro the Skirmisher (Ghoul Monk)                Turns: 210, Time: 00:00:24

Health: -1/26      AC:  2    Str: 14    XL:     2   Next: 87%
Magic:  1/1        EV: 12    Int:  5    God:
Gold:   35         SH:  0    Dex: 11    Spells: 1/1 levels left

rFire   . . .      SeeInvis .     - Unarmed
rCold   + . .      Faith    .   (no shield)
rNeg    + + +      Spirit   .   a - +0 robe
rPois   ∞          Reflect  .   (no helmet)
rElec   .          Harm     .   (no cloak)
rCorr   .          Rampage  .   (no gloves)
Will    .....                   (no boots)
Stlth   ++........              (no amulet)
HPRegen 0.00/turn               (no ring)
MPRegen 0.07/turn               (no ring)

@: inhibited regen
A: claws 1, cold resistance 1, negative energy resistance 3, inhibited
regeneration, torment resistance 2
a: no special abilities


You were on level 1 of the Dungeon.
You visited 1 branch of the dungeon, and saw 1 of its levels.

You collected 35 gold pieces.

Inventory:

Armour
 a - a +0 robe (worn)
Scrolls
 b - a scroll of noise {unknown}
 c - a scroll of teleportation {unknown}
 d - a scroll of torment {unknown}


   Skills:
 + Level 3.6 Fighting
 + Level 2.9 Dodging
 + Level 2.6 Stealth
 + Level 3.6 Unarmed Combat


You had one spell level left.
You didn't know any spells.
Your spell library contained the following spells:

 Spells                   Type           Power      Damage    Failure   Level
 Flame Wave               Conj/Fire      0%         2d4       99%         4
 Eringya's Noxious Bog    Tmut/Pois      0%         N/A       100%        6
 Fire Storm               Conj/Fire      0%         5d1       100%        9


Dungeon Overview and Level Annotations

Branches:
Dungeon (1/15)

Altars:


Innate Abilities, Weirdness & Mutations

You thrive by killing the living.
You are immune to poison.
You have sharp fingernails.
Your flesh is cold resistant. (rC+)
You are immune to negative energy. (rN+++)
You do not regenerate when monsters are visible.
You are immune to unholy pain and torment.


Message History

The jackal moves out of view.
The jackal bites you.
* * * LOW HITPOINT WARNING * * *
You scratch the jackal.
You kill the jackal!
You closely miss the jackal. The jackal bites you.
* * * LOW HITPOINT WARNING * * *
The jackal bites you.
* * * LOW HITPOINT WARNING * * *
You scratch the jackal.
The jackal is severely wounded.
A jackal comes into view.
The jackal closely misses you.
The jackal moves out of view.
You closely miss the jackal.
The jackal is severely wounded.
The jackal barks!
The jackal closely misses you.
You scratch the jackal.
You kill the jackal!
You feel better.
Things that are here:
a jackal corpse; a jackal corpse A jackal is nearby!
The jackal bites you but does no damage.
The jackal misses you.
You claw the jackal!
You kill the jackal!
You feel better.
You see here a jackal corpse.
The jackal bites you.
* * * LOW HITPOINT WARNING * * *
Items here: ( ) ††.
The jackal bites you.
* * * LOW HITPOINT WARNING * * *
Items here: ) ††††††.
You completely miss the jackal.
The jackal bites you but does no damage.
The jackal barely misses you.
You miss the jackal. The jackal bites you.
You die...

.###.#####...#...#...#
.# #.# #.#...#...#.. .#
#.#####...#...#...#
#.....#.#...#...#.. #
######......#...#...#..
#..........#...#...#...#
#.#####(.....#...#...#..
##.#.#...#...#...#
#.##..#.h@#...#..
#.####.†#)..#...# #.#
###.†#...# #.#
#....#...# ..#
##.##..#.. ### #.# #...#
#.. .#.. #### # #


You could see a jackal.

Vanquished Creatures
  2 ball pythons (D:1)
  A giant cockroach (D:1)
  3 goblins (D:1)
  7 jackals (D:1)
  3 kobolds (D:1)
  A quokka (D:1)
17 creatures vanquished.

Notes
Turn   | Place    | Note
-------+----------+-------------------------------------------
     0 | D:1      | crazypyro the Ghoul Monk began the quest for the Orb.
     0 | D:1      | Reached XP level 1. HP: 19/19 MP: 0/0
    92 | D:1      | Reached XP level 2. HP: 26/26 MP: 1/1
   117 | D:1      | Got the Tome of Scorching Toxins
   208 | D:1      | HP: 1/26 [jackal (2)]
   210 | D:1      | Slain by a jackal

Illustrated notes

Levels and vault maps discovered:
D:1:      lightli_arrival_flooded_house, layout_loops_ring, hex_large,
          minmay_hexomino_f4

Action                   || total
-------------------------++-------
Melee: Unarmed           ||    54
 Stab: Sleeping          ||     1
Armor: Robe              ||     7
Dodge: Dodged            ||    39
